 Dungeon Crawl Stone Soup version 0.25.1-1-g288607f5aa (webtiles) character file.

Game seed: 3826446592362266185

95 funkygono the Shield-Bearer (level 4, -1/41 HPs)
             Began as a Minotaur Fighter on July 27, 2020.
             Slain by an orc warrior
             ... wielding a cursed +0 mace
              (13 damage)
             ... on level 3 of the Dungeon on July 28, 2020.
             The game lasted 00:03:10 (2102 turns).

funkygono the Shield-Bearer (Minotaur Fighter)      Turns: 2102, Time: 00:03:11

Health: -1/41      AC: 12    Str: 22    XL:     4   Next: 40%
Magic:  3/3        EV:  4    Int:  5    God:
Gold:   123        SH:  9    Dex:  9    Spells: 3/3 levels left

rFire    . . .     SeeInvis .   a - +0 flail
rCold    . . .     Gourm    .   c - +0 kite shield
rNeg     . . .     Faith    .   e - +0 plate armour
rPois    .         Spirit   .   (helmet restricted)
rElec    .         Reflect  .   (no cloak)
rCorr    .         Harm     .   (no gloves)
MR       .....                  (no boots)
Stlth    ..........             (no amulet)
HPRegen  0.13/turn              (no ring)
MPRegen  0.08/turn              (no ring)

@: no status effects
A: retaliatory headbutt, horns 2
a: no special abilities


You were on level 3 of the Dungeon.
You were not hungry.

You visited 1 branch of the dungeon, and saw 3 of its levels.

You collected 123 gold pieces.

Inventory:

Hand Weapons
 a - a +0 flail (weapon)
Missiles
 j - 69 stones (quivered)
Armour
 c - a +0 kite shield (worn)
 e - a +0 plate armour (worn)
Scrolls
 b - a scroll of immolation {unknown}
 i - a scroll of remove curse
 l - a scroll of identify
Potions
 d - 5 potions of might
 g - a potion of invisibility {unknown}
 h - a potion of flight {unknown}
 k - 2 potions of heal wounds
Comestibles
 f - 7 rations


   Skills:
 + Level 4.3 Fighting
 + Level 3.0 Maces & Flails
 + Level 4.5 Armour
 + Level 1.2 Dodging
 + Level 4.5 Shields


You had 3 spell levels left.
You didn't know any spells.
Your spell library was empty.

Dungeon Overview and Level Annotations

Branches:
Dungeon (3/15)

Altars:
Hepliaklqana
Nemelex Xobeh
Uskayaw
Vehumet


Innate Abilities, Weirdness & Mutations

You reflexively headbutt those who attack you in melee.
You have a pair of horns on your head.


Message History

The orc warrior barely misses you.
Your shield and plate armour prevent you from hitting the orc warrior.
The orc warrior is heavily wounded.
The orc warrior hits you but does no damage.
You closely miss the orc warrior. Your headbutt misses the orc warrior.
The orc warrior is heavily wounded.
You block the orc warrior's attack.
You hit the orc warrior. Your headbutt misses the orc warrior.
The orc warrior is severely wounded.
The orc warrior hits you with a cursed +0 mace!
* * * LOW HITPOINT WARNING * * *
Your shield and plate armour prevent you from hitting the orc warrior.
Your headbutt misses the orc warrior.
The orc warrior is severely wounded.
You block the orc warrior's attack.
Your shield and plate armour prevent you from hitting the orc warrior.
You headbutt the orc warrior, but do no damage.
The orc warrior is severely wounded.
The orc warrior hits you with a cursed +0 mace!
You die... .. #. #. .## soo

#o# # #o# #. #@# #
##'# #.##.##.# ##...##
##.......# ##.....##
#.........#
##.......###.##..###.#
###.........##.#...##
.'.........'.......#
#.........##.....##
#.......###..#.##


You could see an orc warrior, an orc priest, 2 orcs and a giant cockroach.

Vanquished Creatures
  An orc priest (D:3)
  An adder (D:2)
  An ooze (D:1)
  2 dart slugs (D:1)
  3 orcs (D:3)
  A ball python (D:1)
  5 giant cockroaches
  4 goblins (D:1)
  3 hobgoblins (D:2)
  3 jackals (D:2)
  5 kobolds
  8 bats
  2 frilled lizards
  7 rats
46 creatures vanquished.

Notes
Turn   | Place    | Note
-------+----------+-------------------------------------------
     0 | D:1      | funkygono the Minotaur Fighter began the quest for the Orb.
     0 | D:1      | Reached XP level 1. HP: 19/19 MP: 0/0
   235 | D:1      | Reached XP level 2. HP: 27/27 MP: 1/1
   578 | D:1      | Reached XP level 3. HP: 33/33 MP: 2/2
   980 | D:2      | Found a hazy altar of Hepliaklqana.
  1166 | D:2      | Found a hide-covered altar of Uskayaw.
  1166 | D:2      | Found a sparkling altar of Nemelex Xobeh.
  1531 | D:3      | Reached skill level 1 in Dodging
  1535 | D:3      | Reached XP level 4. HP: 15/41 MP: 3/3
  1916 | D:3      | Found a radiant altar of Vehumet.
  2083 | D:3      | Noticed an orc warrior
  2102 | D:3      | Slain by an orc warrior

Illustrated notes

Levels and vault maps discovered:
D:1:      heliophobic_arrival_glass_houses, layout_loops_ring
D:2:      layout_basic, old_standard_altar, gammafunk_temple_overflow_wave,
          first_ration
D:3:      layout_loops_corners, lemuel_coloured_pillars_altar

Skill      XL: |  1  2  3  4 |
---------------+-------------+-----
Armour         | 4 |  4.5
Shields        | 4 |  4.5
Fighting       | 4 |  4.3
Dodging        | 1 |  1.2
Maces & Flails | 3 |  3.0

Action                   |  1- 3 |  4- 6 || total
-------------------------+-------+-------++-------
Melee: Flail             |   102 |    35 ||   137
       Headbutt          |    11 |     3 ||    14
  Use: Scroll            |     3 |       ||     3
  Eat: Chunk             |     2 |     2 ||     4
Armor: Scale mail        |    58 |     1 ||    59
       Plate armour      |       |    11 ||    11
Dodge: Dodged            |    56 |     3 ||    59
Block: Kite shield       |    85 |    19 ||   104
